 Dungeon Crawl Stone Soup version 0.26-a0-694-g74916bafe0 (webtiles) character file.

Game seed: 8645794623967867724

42 Descartes the Grasshopper (level 3, -2/36 HPs)
             Began as a Naga Warper on Oct 25, 2020.
             Slain by a goblin
             ... wielding a +0 dagger
             ... led by Robin
              (7 damage)
             ... on level 2 of the Dungeon.
             The game lasted 00:05:11 (2358 turns).

Descartes the Grasshopper (Naga Warper)             Turns: 2358, Time: 00:05:11

Health: -2/36      AC:  5    Str: 14    XL:     3   Next: 54%
Magic:  6/6        EV:  4    Int: 13    God:
Gold:   71         SH:  0    Dex: 10    Spells: 6/6 levels left

rFire    . . .     SeeInvis +   a - +0 falchion
rCold    . . .     Faith    .   (no shield)
rNeg     . . .     Spirit   .   f - +0 chain mail
rPois    +         Reflect  .   (no helmet)
rElec    .         Harm     .   (no cloak)
rCorr    .         Rampage  .   (no gloves)
MR       .....                  (no barding)
Stlth    ..........             (no amulet)
HPRegen  0.12/turn              (no ring)
MPRegen  0.10/turn              (no ring)

@: flying, hasted, quick
A: large, camouflage 1, see invisible, deformed body, poison resistance, robust
1, slowness 2, spit poison 1, no potion heal 1, AC +1
a: Spit Poison


You were on level 2 of the Dungeon.
You visited 1 branch of the dungeon, and saw 2 of its levels.

You collected 71 gold pieces.

Inventory:

Hand Weapons
 a - a +0 falchion (weapon)
 b - a +0 hunting sling
Missiles
 c - 49 stones
 e - 5 boomerangs of dispersal (quivered)
 g - 6 bolts
 n - 7 javelins
Armour
 f - a +0 chain mail (worn)
 h - a +0 leather armour
Scrolls
 d - a scroll of blinking
 i - 2 scrolls of identify {unknown}
 l - a scroll of random uselessness {unknown}
 m - a scroll of remove curse {unknown}
Potions
 j - a potion of mutation
 o - a potion of cancellation {unknown}


   Skills:
 + Level 2.5 Fighting
 - Level 2.0 Long Blades
 - Level 0.8 Throwing
 + Level 1.4 Armour
 + Level 2.0 Dodging
 - Level 0.2 Stealth
 + Level 2.4 Spellcasting
   Level 3.0 Translocations


You had 6 spell levels left.
You didn't know any spells.
Your spell library contained the following spells:

 Spells                   Type           Power        Failure   Level
 Blink                    Tloc           N/A          96%         2
 Gell's Gravitas          Tloc           #.........   99%         3
 Lesser Beckoning         Tloc           #.........   99%         3
 Teleport Other           Tloc           #.......     99%         3
 Passage of Golubria      Tloc           N/A          100%        4


Dungeon Overview and Level Annotations

Branches:
Dungeon (2/15)

Altars:

Annotations:
D:2 Robin


Innate Abilities, Weirdness & Mutations

You cannot wear boots.
Your serpentine skin is tough. (AC +1)
You have supernaturally acute eyesight. (SInv)
Armour fits poorly on your strangely shaped body.
Your system is resistant to poisons. (rPois)
You cover ground very slowly.
You can spit poison.
Your skin changes colour to match your surroundings (Stealth+).
You are robust. (+10% HP)
Potions are less effective at restoring your health.


Message History

The goblin hits you but does no damage. x3; The goblin hits you with a +0 club.
You slash the goblin!
You kill the goblin!
The goblin hits you but does no damage. The goblin completely misses you.
You riposte.
You closely miss the goblin. The hobgoblin hits you with a +0 club.
The goblin hits you but does no damage. x2
You closely miss the goblin.
The goblin hits you but does no damage. x3
The goblin hits you with a +0 dagger. The goblin hits you but does no damage.
Robin roars a battlecry!
The goblins go into a battle-frenzy!
The hobgoblin hits you with a +0 club.
It was a potion of flight.
You feel very buoyant.
You fly up into the air.
The goblin hits you but does no damage. The goblin hits you with a +0 club. x2
* * * LOW HITPOINT WARNING * * *
The goblin hits you with a +0 club.
* * * LOW HITPOINT WARNING * * *
The goblin hits you with a +0 dagger!
You die...

..# #...........# ..#
#.......###.# . ###.#
#.....).# # .. ...#
#.......# #
#.####.###.......#
..........#.......###
..#.##gg.............#
#.....ggg#.#########.#
.#..gg@g#.# .#
#...ggg#.# #
#..!.....#.#
#.)......#.#
#.#......#.# #
#......#.. .......+..
.#......#


You could see Robin, a hobgoblin (strong) and 9 goblins.

Vanquished Creatures
  2 adders (D:2)
  A dart slug (D:1)
  A bat (D:1)
  5 goblins
  2 hobgoblins
  4 frilled lizards (D:1)
  6 kobolds
  2 rats (D:2)
23 creatures vanquished.

Notes
Turn   | Place    | Note
-------+----------+-------------------------------------------
     0 | D:1      | Descartes the Naga Warper began the quest for the Orb.
     0 | D:1      | Reached XP level 1. HP: 19/19 MP: 3/3
   684 | D:1      | Reached skill level 1 in Armour
   720 | D:1      | Reached XP level 2. HP: 23/26 MP: 5/5
  1873 | D:2      | Reached XP level 3. HP: 16/33 MP: 6/6
  2347 | D:2      | Noticed Robin
  2353 | D:2      | Gained mutation: Potions are less effective at restoring
                  | your health. [potion of mutation]
  2353 | D:2      | Gained mutation: Your skin changes colour to match your
                  | surroundings (Stealth+). [potion of mutation]
  2353 | D:2      | Gained mutation: You are robust. (+10% HP) [potion of
                  | mutation]
  2358 | D:2      | Slain by a goblin

Illustrated notes

Levels and vault maps discovered:
D:1:      lightli_arrival_chessboard, layout_basic, serial_co_window_serial,
          co_window_paths_b, co_window_paths_a, co_window_paths_b,
          co_window_paths_b, co_window_paths_a, co_window_corner_a,
          co_window_paths_a, co_window_2corner, co_window_of_opportunity_c,
          co_window_2corner, co_window_4corner_b, co_window_paths_d,
          glass_columns_a, minivault_25, solitary_fountain
D:2:      layout_basic, grunt_dithmenos_smoke_and_mirrors,
          lemuel_blue_sif_altar, uniq_robin

Skill      XL: |  1  2  3 |
---------------+----------+-----
Armour         | 1 |  1.4
Dodging        | 2 |  2.0
Fighting       | |  2.5
Long Blades    | |  2.0
Throwing       | |  0.8
Stealth        | |  0.2
Spellcasting   | |  2.4
Translocations | |  3.0

Action                   || total
-------------------------++-------
Melee: Falchion          ||   134
  Use: Potion            ||     3
Armor: Chain mail        ||   115
Dodge: Dodged            ||    48
       Rpst.: Falchion   ||    12

Table legend: (Time is in decaauts)
 A = Elapsed time spent in this place.
 B = Non-inter-level travel time spent in this place.
 C = Inter-level travel time spent in this place.
 D = Time resting spent in this place.
 E = Time spent auto-exploring this place.
 F = Levels seen in this place.
 G = Mean time per level.
                   A        B        C        D        E       F      G
               +--------+--------+--------+--------+--------+-----+--------+
         Total |   2864 |   2852 |     12 |      0 |   2521 |   2 | 1432.0 |
       Dungeon |   2864 |   2852 |     12 |      0 |   2521 |   2 | 1432.0 |
               +--------+--------+--------+--------+--------+-----+--------+

Top non-repeatable levels by time:
     D:1: 2298 daAuts
     D:2: 566 daAuts
